 Dungeon Crawl Stone Soup version 0.16-a0-3706-g5dff784 (webtiles) character file.

32 MackTheKnife the Poker (level 3, 1/29 HPs)
             Began as a Merfolk Chaos Knight on Jan 18, 2015.
             Was a Plaything of Xom.
             Quit the game on level 2 of the Dungeon on Jan 19, 2015.
             The game lasted 00:02:07 (1182 turns).

MackTheKnife the Poker (Merfolk Chaos Knight)       Turns: 1182, Time: 00:02:07

Health: 1/29       AC:  8    Str: 12    XL:     3   Next: 27%
Magic:  3/3        EV: 12    Int: 11    God:    Xom [......]
Gold:   45         SH:  0    Dex: 14    Spells: 0 memorised, 2 levels left

rFire  . . .     SeeInvis .     a - +0 spear (chaos)
rCold  . . .     Clarity  .     b - +2 leather armour
rNeg   . . .     SustAb   .     (no shield)
rPois  .         Gourm    .     (no helmet)
rElec  .         Spirit   .     (no cloak)
rCorr  .         Warding  .     e - +0 pair of gloves
rMut   .         Stasis   .     (no boots)
MR     .....                    (no amulet)
Stlth  +.........               (no ring)
                                (no ring)

@: lethally poisoned, not resistant to hostile enchantments, very unstealthy
A: change form in water, swift swim, yellow scales 1
a: Renounce Religion


You were on level 2 of the Dungeon.
You worshipped Xom.
You were a very special plaything of Xom.
You were not hungry.

You visited 1 branch of the dungeon, and saw 2 of its levels.

You collected 45 gold pieces.


Innate Abilities, Weirdness & Mutations

You revert to your normal form in water.
You are very nimble and swift while swimming.
You are partially covered in yellow scales (AC +2).


   Skills:
 - Level 3.2 Fighting
 + Level 6.2 Polearms
 - Level 0.6 Armour
 - Level 2.6 Dodging


You had 2 spell levels left.
You didn't know any spells.

Inventory:

Hand weapons
 a - a +0 spear of chaos (weapon)
Armour
 b - a +2 leather armour (worn)
 e - a +0 pair of gloves (worn)
Scrolls
 d - a scroll of teleportation {unknown}
 h - a scroll of blinking {unknown}
 j - 2 scrolls of identify {unknown}
Comestibles
 c - a bread ration
 f - 2 beef jerkies

#.###.# #.# #.#
#.# #.# #.# #.#
#.# #†# #.# #.#
..###.########.###
.###.............#
.# #..########<#.#
.###..###### #.#.#
.†.........# #.#m#
......####.# ..#.#
.###.## .##.# .#
#.# #. ..# .# #.#
#. #g# .# #.# ..
... .# #.. . ..#
.# ### .## ># .


You could see a hobgoblin.


Message History

There is a lethal amount of poison in your body!
Unknown command.
* * * LOW HITPOINT WARNING * * *
You feel sick.
* * * LOW HITPOINT WARNING * * *
You feel sick.
* * * LOW HITPOINT WARNING * * *
You feel sick.
* * * LOW HITPOINT WARNING * * *
You feel sick.
* * * LOW HITPOINT WARNING * * *
You feel sick.
* * * LOW HITPOINT WARNING * * *
You feel sick.
* * * LOW HITPOINT WARNING * * *
You feel sick.
* * * LOW HITPOINT WARNING * * *
You feel sick.
* * * LOW HITPOINT WARNING * * *
You feel sick.
* * * LOW HITPOINT WARNING * * *
You feel sick.
* * * LOW HITPOINT WARNING * * *
You feel sick.
* * * LOW HITPOINT WARNING * * *
You feel sick.
A hobgoblin comes into view. It is wielding a club.
* * * LOW HITPOINT WARNING * * *
You feel sick.
Are you sure you want to abandon this character and quit the game? (Confirm with "yes".)

Action                   || total
-------------------------++-------
Melee: Spear             ||    72
  Use: Potion            ||     3
  Eat: Chunk             ||     1

Vault maps used:
D:1:      sevenhm_arrival_forest_fort_large_2
D:2:      lemuel_doored_altar, first_bread, grunt_ministairs_3

Notes
Turn   | Place    | Note
--------------------------------------------------------------
     0 | D:1      | MackTheKnife, the Merfolk Chaos Knight, began the quest for the Orb.
     0 | D:1      | Reached XP level 1. HP: 18/18 MP: 1/1
     2 | D:1      | XOM: harmless Pois miscast
    28 | D:1      | XOM: divination: magic mapping
    83 | D:1      | XOM: silly message
   141 | D:1      | XOM: potion effect (haste)
   149 | D:1      | Reached skill level 5 in Polearms
   149 | D:1      | Reached XP level 2. HP: 17/24 MP: 2/2
   432 | D:1      | XOM: 6-stop teleportation journey
   510 | D:1      | Upgraded the game from 0.16-a0-3699-g1c51eb1 to 0.16-a0-3706-g5dff784
   666 | D:1      | XOM: colour smoke trail
   692 | D:1      | Gained mutation: You are partially covered in yellow scales (AC +2). [potion of beneficial mutation]
  1058 | D:2      | Reached XP level 3. HP: 22/29 MP: 3/3
  1059 | D:2      | Reached skill level 6 in Polearms
  1177 | D:2      | HP: 2/29 [poisoned by a goblin]
  1182 | D:2      | Quit the game

Vanquished Creatures
  A giant mite (D:1)
  A worm (D:2)
  3 bats
  2 giant cockroaches
  4 goblins
  3 hobgoblins (D:1)
  A kobold (D:1)
  A ball python (D:1)
  2 rats (D:1)
18 creatures vanquished.
